Map: New Gettysburg LE

Players

Beastyqt

  • Race: Terran Terran

PtitDrogo - Winner!

  • Race: Protoss Protoss

VOD

https://youtu.be/RMYbISzEzcg

Description

Time

  • Played on: Nov. 23, 2016, 12:20 p.m.
  • Length: 7:11
Show
View Real Time Build Order
Export as new Build Order

Beastyqt Terran 

Build Orders: Reaper Expand, Banshee Rush 

Get SALT Encoding   

  12  0:00  SCV  
  13  0:13  SCV  
  14  0:17  Supply Depot  
  14  0:25  SCV  
  15  0:31  Refinery  
  15  0:39  SCV  
  16  0:45  Barracks  
  16  0:51  SCV  
  17  1:03  SCV  
  18  1:15  SCV  
  19  1:33  Orbital Command  
  19  1:34  Reaper  
  20  1:45  Command Center  
  20  1:57  Factory  
  20  2:00  SCV  
  21  2:07  Barracks Reactor  
  21  2:10  Supply Depot  
  21  2:15  SCV  
  22  2:21  Refinery  
  22  2:27  SCV  
  23  2:39  SCV  
  24  2:47  Starport  
  24  2:51  SCV  
  25  2:52  Hellion x2  
  29  3:01  Orbital Command  
  29  3:02  Barracks Tech Lab  
  29  3:04  SCV  
  30  3:13  Widow Mine x2  
  30  3:17  SCV  
  34  3:29  SCV  
  34  3:30  Cloaking Field  
  34  3:33  SCV  
  36  3:35  Supply Depot  
  36  3:39  Banshee  
  36  3:41  SCV  
  40  3:45  SCV  
  41  3:53  SCV  
  38  3:57  SCV  
  38  4:01  Hellion x2  
  43  4:05  SCV  
  43  4:08  Engineering Bay  
  43  4:09  SCV  
  45  4:11  Supply Depot  
  45  4:21  SCV  
  45  4:22  Banshee  
  49  4:25  SCV  
  50  4:31  Command Center  
  50  4:35  SCV, Missile Turret  
  51  4:40  SCV  
  51  4:43  Cyclone  
  55  4:48  Cyclone  
  55  4:51  Supply Depot  
  58  4:53  SCV  
  58  4:59  SCV  
  58  5:06  SCV  
  53  5:09  Viking  
  53  5:12  SCV  
  55  5:18  SCV  
  51  5:22  Refinery x2  
  51  5:23  Hellion  
  51  5:24  Factory  
  51  5:25  SCV  
  49  5:30  SCV  
  48  5:37  SCV  
  48  5:42  SCV  
  49  5:44  SCV  
  49  5:46  Hellion  
  49  5:48  Hellion  
  49  5:49  SCV  
  50  5:54  SCV  
  48  6:05  Orbital Command  
  48  6:10  SCV  
  48  6:17  SCV  
  48  6:23  Cyclone, SCV  
  52  6:29  SCV  
  52  6:32  SCV  
  54  6:36  SCV  
  57  6:41  SCV  
  57  6:45  SCV  
  57  6:48  SCV  
  57  6:54  SCV  
  58  6:57  SCV  
Show
View Real Time Build Order
Export as new Build Order

PtitDrogo Protoss - Winner!

Build Orders: 1 Gate Expand 

Get SALT Encoding   

  12  0:01  Probe (Chrono Boost)  
  13  0:11  Probe (Chrono Boost)  
  14  0:19  Pylon  
  14  0:22  Probe (Chrono Boost)  
  15  0:37  Probe (Chrono Boost), Gateway  
  15  0:42  Assimilator  
  16  0:48  Probe (Chrono Boost)  
  17  0:58  Probe (Chrono Boost)  
  18  1:09  Probe (Chrono Boost)  
  19  1:19  Nexus  
  20  1:30  Cybernetics Core  
  20  1:32  Probe (Chrono Boost)  
  20  1:37  Assimilator  
  20  1:43  Probe (Chrono Boost)  
  21  1:48  Pylon  
  21  1:53  Probe (Chrono Boost)  
  22  2:03  Adept  
  22  2:05  Probe (Chrono Boost)  
  22  2:07  Warp Gate  
  25  2:17  Probe (Chrono Boost)  
  26  2:24  Twilight Council  
  26  2:26  Adept  
  27  2:30  Probe (Chrono Boost)  
  27  2:32  Probe (Chrono Boost)  
  29  2:50  Probe (Chrono Boost), Resonating Glaives  
  30  2:53  Robotics Facility  
  30  2:55  Probe (Chrono Boost)  
  31  3:02  Probe (Chrono Boost)  
  31  3:05  Probe (Chrono Boost)  
  34  3:14  Probe (Chrono Boost)  
  34  3:16  Probe (Chrono Boost)  
  35  3:26  Probe x2 (Chrono Boost)  
  37  3:37  Probe (Chrono Boost), Gateway x2  
  37  3:38  Probe (Chrono Boost)  
  37  3:49  Warp Prism  
  37  4:00  Gateway  
  37  4:01  Probe x2 (Chrono Boost), Gateway  
  39  4:05  Gateway  
  39  4:14  Adept  
  39  4:15  Mothership Core (Chrono Boost)  
  43  4:19  Pylon  
  43  4:21  Probe (Chrono Boost)  
  44  4:31  Pylon  
  44  4:32  Observer  
  44  4:34  Pylon  
  45  4:46  Stalker x2  
  45  4:52  Adept  
  51  5:02  Adept x3  
  54  5:10  Stalker x2  
  54  5:13  Probe (Chrono Boost)  
  51  5:28  Probe x2 (Chrono Boost)  
  49  5:41  Adept  
  49  5:42  Adept x4  
  53  5:53  Probe x2 (Chrono Boost)  
  53  6:03  Probe (Chrono Boost)  
  53  6:04  Probe (Chrono Boost)  
  47  6:24  Adept x6  
  59  6:32  Observer  
  60  6:33  Probe (Chrono Boost)  
  60  6:34  Probe (Chrono Boost)  
  62  6:49  Adept x4  
  64  7:03  Stalker x2  
Tags
 
Add a new tag
Caveats
  • Supply blocks, unpowered buildings, or Contaminate may cause inaccurate times.
  • Supply counts are checked every 10 seconds.